 Dungeon Crawl Stone Soup version 0.29-a0-555-g3b24f45cc1 (webtiles) character file.

Game seed: 11672968216208133341

97981 wdlvb the Unseen (level 15, -5/77 HPs)
             Began as a Spriggan Enchanter on June 7, 2022.
             Was the Champion of Dithmenos.
             Killed from afar by Nikola (82 damage)
             ... with an arc of chain lightning
             ... on level 1 of the Snake Pit on June 8, 2022.
             The game lasted 01:05:51 (28786 turns).

wdlvb the Unseen (Spriggan Enchanter)              Turns: 28786, Time: 01:05:51

Health: -5/77      AC: 18    Str: 16    XL:     15   Next: 73%
Magic:  35/36      EV: 26    Int: 17    God:    Dithmenos [******]
Gold:   1812       SH:  5    Dex: 17    Spells: 36/47 levels left

rFire   + . .      SeeInvis +   W - +5 quick blade
rCold   . . .      Faith    .   (no shield)
rNeg    . . .      Spirit   .   I - +5 steam dragon scales
rPois   .          Reflect  +   U - +2 hat {SInv}
rElec   .          Harm     .   p - +1 cloak {rCorr}
rCorr   +          Rampage  .   (gloves unavailable)
Will    ++...                   (boots unavailable) Stlth *****+++++
                                H - amulet of reflection
HPRegen 0.22/turn               e - +4 ring of protection
MPRegen 0.25/turn               t - +6 ring of strength

@: confusing by touch, wreathed by umbra, very quick
A: very small, no large weapons, unfitting armour, see invisible, speed 3, fire
resistance 1
a: Renounce Religion, Shadow Step, Shadow Form


You were on level 1 of the Snake Pit.
You worshipped Dithmenos.
Dithmenos was exalted by your worship.
You visited 5 branches of the dungeon, and saw 25 of its levels.
You also visited: Volcano.

You collected 3803 gold pieces.
You spent 1991 gold pieces at shops.

Inventory:

Hand Weapons
 k - a +6 vampiric dagger
 C - a +4 dagger of venom
 W - a +5 quick blade (weapon)
Missiles
 s - 31 poisoned darts (quivered)
 w - 8 curare-tipped darts
 N - a throwing net
Armour
 p - a +1 cloak of preservation (worn)
 I - +5 steam dragon scales (worn)
 U - a +2 hat of see invisible (worn)
Jewellery
 b - a ring of wizardry
 e - a +4 ring of protection (left hand)
 m - a ring of resist corrosion
 o - a ring of protection from cold
 t - a +6 ring of strength (right hand)
 F - a ring of poison resistance
 H - an amulet of reflection (around neck)
 P - a +6 ring of intelligence
 T - a ring of flight
Wands
 a - a wand of digging (9)
 f - a wand of polymorph (21)
 G - a wand of charming (2)
 L - a wand of acid (4)
 M - a wand of flame (34)
 S - a wand of paralysis (11)
 X - a wand of iceblast (7)
Scrolls
 u - 13 scrolls of teleportation
 x - 2 scrolls of fear
 D - 8 scrolls of magic mapping
 K - 4 scrolls of fog
 Q - 7 scrolls of identify
 R - 3 scrolls of amnesia
Potions
 c - 5 potions of invisibility
 d - 4 potions of ambrosia
 g - 2 potions of cancellation
 h - 6 potions of brilliance
 i - 9 potions of curing
 l - 4 potions of mutation
 n - 7 potions of flight
 q - 4 potions of heal wounds
 v - a potion of berserk rage
 z - 4 potions of resistance
 A - 4 potions of haste
 O - 5 potions of might
Miscellaneous
 j - a phial of floods
 E - a tin of tremorstones (2/2)


   Skills:
 + Level 7.8 Fighting
 + Level 10.3 Short Blades
 + Level 12.4 Dodging
 + Level 20.9 Stealth
 + Level 16.7 Spellcasting
 + Level 16.9 Hexes


You had 36 spell levels left.
You knew the following spells:

 Your Spells              Type           Power      Damage    Failure   Level
a - Ensorcelled Hibernat  Hex/Ice        86%        N/A       1%          2
b - Tukima's Dance        Hex            64%        N/A       0%          3
c - Dazzling Flash        Conj/Hex       86%        N/A       1%          3
d - Confusing Touch       Hex            64%        N/A       0%          3

Your spell library contained the following spells:

 Spells                   Type           Power      Damage    Failure   Level
 Portal Projectile        Hex/Tloc       86%        N/A       1%          3
 Summon Guardian Golem    Hex/Summ       43%        N/A       1%          3
 Metabolic Englaciation   Hex/Ice        21%        N/A       3%          5
 Beastly Appendage        Tmut           28%        N/A       4%          1
 Freeze                   Ice            56%        1d7       4%          1
 Shock                    Conj/Air       56%        1d6       4%          1
 Summon Small Mammal      Summ           56%        N/A       4%          1
 Static Discharge         Conj/Air       14%        N/A       6%          2
 Sublimation of Blood     Necr           14%        N/A       6%          2
 Wereblood                Tmut           14%        N/A       6%          2
 Call Canine Familiar     Summ           14%        N/A       13%         3
 Conjure Flame            Conj/Fire      14%        6-21      13%         3
 Frozen Ramparts          Ice            28%        1d4       13%         3
 Gell's Gravitas          Tloc           14%        N/A       13%         3
 Ignite Poison            Fire/Tmut/Pois 14%        N/A       13%         3
 Ozocubu's Armour         Ice            14%        N/A       13%         3
 Spider Form              Tmut/Pois      14%        N/A       13%         3
 Swiftness                Air            14%        N/A       13%         3
 Teleport Other           Tloc           14%        N/A       13%         3
 Vampiric Draining        Necr           14%        2d7       13%         3
 Airstrike                Air            7%         N/A       38%         4
 Animate Dead             Necr           14%        N/A       38%         4
 Corpse Rot               Necr/Pois/Air  14%        N/A       38%         4
 Dispel Undead            Necr           14%        3d10      38%         4
 Hailstorm                Conj/Ice       14%        3d5       38%         4
 Iskenderun's Mystic Bla  Conj/Tloc      14%        2d5       38%         4
 Sticky Flame             Conj/Fire      14%        2d4       38%         4
 Blade Hands              Tmut           7%         N/A       75%         5
 Iskenderun's Battlesphe  Conj           14%        2d7       75%         5
 Death Channel            Necr           7%         N/A       100%        6
 Dispersal                Tloc           7%         N/A       100%        6
 Iron Shot                Conj/Erth      7%         9d2       100%        6
 Simulacrum               Ice/Necr       7%         N/A       100%        6
 Spellforged Servitor     Conj/Summ      7%         N/A       100%        7
 Summon Hydra             Summ           7%         N/A       100%        7


Dungeon Overview and Level Annotations

Branches:
Dungeon (15/15)            Temple (1/1) D:5            Lair (6/6) D:10
 Shoals (0/4) Lair:3        Snake (1/4) Lair:3        Slime (0/5) Lair:6
    Orc (2/2) D:9             Elf (0/3) Orc:2        Vaults (0/5) D:13
 Depths (0/4) D:15        Volcano (visited)

Altars:
Ashenzari
Cheibriados
Dithmenos
Elyvilon
Fedhas
Gozag
Hepliaklqana
Kikubaaqudgha
Makhleb
Nemelex Xobeh
Okawaru
Qazlal
Ru
Sif Muna
Trog
Uskayaw
Vehumet
Wu Jian
Xom
Yredelemnul
Zin
The Shining One
Beogh
Jiyva
Lugonu

Shops:
D:2 *   D:6 !   D:14 [   Orc:2 =*[

Portals:
Abyss: Lair:6

Annotations:
D:4 2 runed translucent doors, stabb's ghost, amateur DsFE
D:14 3 runed translucent doors, Boig's ghost, journeyman GrFi; Ekhlusag's ghost, journeyman MfGl; Mitamach's ghost, journeyman DsAK; Viudih's ghost, journeyman NaDe
Snake:1 Nikola


Innate Abilities, Weirdness & Mutations

You are very small and have problems with some larger weapons.
You are too small for most types of armour.
You have supernaturally acute eyesight. (SInv)
You cover ground extremely quickly. (Speed+++)
Your flesh is heat resistant. (rF+)


Message History

Aim: Nikola, wielding a +2 rapier of electrocution, wearing a +0 cloak and wearing a +0 pair of gloves (lightly wounded, covered in acid, umbra, chance to affect: 2%)
Okay, then.
Unknown command.
Casting: Ensorcelled Hibernation (safe; 1% risk of failure)
Confirm with . or Enter, or press ? or * to list all spells.
Your hands begin to glow red.
You hit Nikola but do no damage.
Nikola is lightly wounded.
Your shadow hits Nikola with a quick blade.
You barely miss Nikola.
Nikola is lightly wounded.
You hit Nikola but do no damage.
Nikola is lightly wounded.
You block Nikola's attack.
You hit Nikola but do no damage.
Nikola is lightly wounded.
Your shadow closely misses Nikola.
You hit Nikola but do no damage.
Nikola is lightly wounded.
You hit Nikola but do no damage.
Nikola is lightly wounded.
Your shadow hits Nikola with a quick blade.
You hit Nikola but do no damage.
Nikola is lightly wounded.
Nikola gestures wildly while chanting.
Nikola blinks!
You hit Nikola but do no damage.
Nikola is lightly wounded.
Your shadow hits Nikola with a quick blade.
You hit Nikola but do no damage.
Nikola is lightly wounded.
Nikola gestures wildly while chanting.
Nikola blinks!
You see here a staff of cold.
You hit Nikola but do no damage.
Nikola is lightly wounded.
Nikola casts a spell.
Lightning arcs from Nikola's hands!
The bolt of lightning hits you!!!!
Ouch! That really hurt!
You die...

### ### #.# #.# #.#
#.# #.# #.# #.# #.#
#.############.#
#..............#
###........#####.#
...........# #@#
...>....)..#####@#
..................
###..##############
#..# #..# #..# #..#
###..#


You could see Nikola (corroded).

Vanquished Creatures
  Gastronok (D:12)
  An orc warlord (Orc:2)
  Louise (D:14)
  Nessos (D:12)
  A red draconian (Volcano)
  Josephine (Lair:5)
  A vault guard (D:13)
  Fannar (D:12)
  A rakshasa (D:15)
  2 boulder beetles
  8 hydras
  2 centaur warriors
  4 two-headed ogres
  5 death yaks (Lair:6)
  A death knight (D:14)
  2 tengu warriors (D:15)
  3 thrashing horrors (Lair:6)
  Urug (D:12)
  A skeletal warrior (D:13)
  A fire crab (Lair:5)
  A glowing orange brain (D:15)
  A salamander mystic (Volcano)
  A phantasmal warrior (D:14)
  A lindwurm (Lair:6)
  6 orc knights
  A deep elf pyromancer (D:13)
  3 orc sorcerers (Orc:2)
  4 salamanders (Volcano)
  7 ugly things
  2 manticores
  5 cyclopes
  6 elephants (Lair:6)
  2 merfolk sirens (Lair:3)
  Maurice (D:12)
  A black mamba (Lair:5)
  2 molten gargoyles
  3 gargoyles
  12 cane toads
  3 smoke demons (Lair:6)
  3 torpor snails
  2 unseen horrors
  A rime drake (Lair:2)
  14 komodo dragons
  A freezing wraith (D:14)
  A rime drake (shapeshifter) (D:15)
  A tengu conjurer (D:15)
  3 polar bears
  2 ancient zymes (Lair:6)
  Prince Ribbit (D:7)
  3 hornets
  5 trolls
  A wolf spider simulacrum (D:14)
  41 blink frogs
  6 dream sheep (Lair:6)
  7 slime creatures
  5 shadows
  2 large abominations (Lair:6)
  2 spriggans (Lair:6)
  2 wyverns
  3 ynoxinuls (Lair:6)
  5 basilisks
  7 wraiths
  2 fire bats (Lair:4)
  2 vampires
  66 yaks
  13 vampire mosquitoes
  A steam dragon (D:8)
  2 wargs (Orc:2)
  5 nagas
  Menkaure (D:5)
  2 acid dragons
  13 water moccasins
  Duvessa (D:6)
  4 black bears
  21 orc warriors
  2 ice beasts
  A sky beast (D:6)
  5 ogres
  11 centaurs
  3 wolves (Lair:3)
  3 phantoms
  3 kobold brigands
  17 bullfrogs
  3 necrophages
  A gnoll sergeant (D:10)
  8 small abominations (Lair:6)
  Dowan (D:6)
  2 scorpions
  8 wights
  3 killer bees
  6 howler monkeys
  5 electric eels
  A lava snake (Lair:4)
  3 jellies
  11 orc priests
  A jelly (shapeshifter) (D:15)
  A gnoll shaman (D:7)
  4 hounds
  Jessica (D:2)
  3 iguanas
  23 orc wizards
  4 hell rats (Lair:4)
  Robin (D:3)
  5 gnolls
  6 adders
  2 shadow imps (D:6)
  A white imp (D:5)
  3 worms
  5 dart slugs
  63 orcs
  3 bats
  6 endoplasms
  5 giant cockroaches
  8 goblins
  8 hobgoblins
  6 jackals
  17 kobolds
  4 quokkas
  11 ball pythons
  A frilled lizard (D:1)
  3 rats
644 creatures vanquished.

Vanquished Creatures (collateral kills)
  An ogre mage (D:15)
  5 two-headed ogres (D:15)
  An orc knight (Orc:2)
  An orc sorcerer (Orc:2)
  3 orc warriors (Orc:2)
  3 ogres
  3 wights (D:9)
  2 orc priests
  3 orc wizards
  4 gnolls
  4 orcs
30 creatures vanquished.

Vanquished Creatures (others)
  A yak (Lair:6)
  9 dancing weapons
  A bush (Lair:6)
  43 fungi
  63 plants
  2 withered plants (D:14)
119 creatures vanquished.

Grand Total: 793 creatures vanquished

Notes
Turn   | Place    | Note
-------+----------+-------------------------------------------
     0 | D:1      | wdlvb the Spriggan Enchanter began the quest for the Orb.
     0 | D:1      | Reached XP level 1. HP: 9/9 MP: 5/5
   402 | D:1      | Reached XP level 2. HP: 13/13 MP: 7/7
   405 | D:1      | Learned a level 2 spell: Ensorcelled Hibernation
   439 | D:1      | Found a faded altar of an unknown god.
  1108 | D:2      | Reached XP level 3. HP: 15/16 MP: 9/9
  1131 | D:2      | Learned a level 3 spell: Tukima's Dance
  1135 | D:2      | Learned a level 3 spell: Confusing Touch
  1285 | D:2      | Reached XP level 4. HP: 21/21 MP: 11/11
  1318 | D:2      | Reached skill level 5 in Hexes
  1360 | D:2      | Noticed Jessica
  1391 | D:2      | Killed Jessica
  1608 | D:2      | Found Arueh's General Store.
  1620 | D:2      | Bought a potion of curing for 42 gold pieces
  1781 | D:3      | Learned a level 3 spell: Dazzling Flash
  1810 | D:3      | Reached XP level 5. HP: 24/24 MP: 4/13
  1898 | D:3      | Found a radiant altar of Vehumet.
  1961 | D:3      | Reached skill level 5 in Spellcasting
  2180 | D:3      | Reached skill level 5 in Stealth
  2253 | D:3      | Noticed Robin
  2259 | D:3      | Killed Robin
  2671 | D:4      | Reached XP level 6. HP: 17/28 MP: 11/15
  2877 | D:4      | Reached skill level 6 in Stealth
  3297 | D:4      | Reached XP level 7. HP: 22/32 MP: 17/17
  3435 | D:4      | Found a large runed translucent door.
  3437 | D:4      | Found a large runed translucent door.
  3441 | D:4      | Noticed stabb's ghost (amateur DsFE)
  4067 | D:5      | Entered Level 5 of the Dungeon
  4137 | D:5      | Reached skill level 7 in Stealth
  4272 | D:5      | Noticed Menkaure
  4293 | D:5      | Killed Menkaure
  4294 | D:5      | Reached skill level 8 in Stealth
  4388 | D:5      | Reached XP level 8. HP: 36/36 MP: 17/19
  4803 | D:5      | Found a staircase to the Ecumenical Temple.
  4814 | Temple   | Entered the Ecumenical Temple
  5055 | Temple   | Became a worshipper of Dithmenos the Shadowed
  5250 | D:6      | Reached skill level 9 in Stealth
  5580 | D:6      | Found Asupluuck's Distillery.
  5585 | D:6      | Bought a potion of curing for 39 gold pieces
  5585 | D:6      | Bought a potion of ambrosia for 104 gold pieces
  5819 | D:6      | Reached skill level 10 in Stealth
  5918 | D:6      | Noticed Duvessa
  5918 | D:6      | Noticed Dowan
  5922 | D:6      | Killed Duvessa
  5924 | D:6      | Killed Dowan
  6149 | D:6      | Reached XP level 9. HP: 39/39 MP: 22/22
  6157 | D:6      | Noticed an unseen horror
  6164 | D:6      | Killed an unseen horror
  6165 | D:6      | Reached skill level 11 in Stealth
  6561 | D:7      | Reached * piety under Dithmenos
  6562 | D:7      | Reached skill level 10 in Hexes
  6591 | D:7      | Noticed a six-headed hydra
  6711 | D:7      | Reached skill level 12 in Stealth
  6722 | D:7      | Reached skill level 10 in Spellcasting
  7091 | D:7      | Reached ** piety under Dithmenos
  7102 | D:7      | Noticed Prince Ribbit
  7103 | D:7      | Reached XP level 10. HP: 37/44 MP: 23/25
  7113 | D:7      | Killed Prince Ribbit
  7114 | D:7      | Reached skill level 13 in Stealth
  9040 | D:9      | Reached skill level 14 in Stealth
  9304 | D:9      | Found a staircase to the Orcish Mines.
  9475 | D:9      | Noticed a two-headed ogre
  9482 | D:9      | Killed a two-headed ogre
  9507 | D:9      | Gained mutation: You are weak. (Str -2) [potion of
                  | mutation]
  9507 | D:9      | Lost mutation: You are weak. (Str -2) [potion of mutation]
  9507 | D:9      | Gained mutation: Your flesh is heat resistant. (rF+)
                  | [potion of mutation]
  9875 | D:10     | Entered Level 10 of the Dungeon
  9885 | D:10     | Reached XP level 11. HP: 47/47 MP: 28/28
  9894 | D:10     | Reached *** piety under Dithmenos
  9970 | D:10     | Reached skill level 15 in Stealth
 10438 | D:10     | Found a staircase to the Lair.
 11214 | D:11     | Noticed a two-headed ogre
 11216 | D:11     | Killed a two-headed ogre
 11319 | D:11     | Got the Incunabulum of Sinister Rituals and the Compass
 12024 | D:12     | Noticed Nessos
 12027 | D:12     | Killed Nessos
 12028 | D:12     | Reached skill level 16 in Stealth
 12055 | D:12     | Noticed Gastronok
 12058 | D:12     | Noticed Maurice
 12228 | D:12     | Killed Gastronok
 12229 | D:12     | Reached skill level 1 in Fighting
 12299 | D:12     | Killed Maurice
 12301 | D:12     | Reached **** piety under Dithmenos
 12682 | D:12     | Noticed Fannar
 12687 | D:12     | Killed Fannar
 12688 | D:12     | Reached XP level 12. HP: 50/54 MP: 25/30
 12760 | D:12     | Noticed Urug
 12765 | D:12     | Killed Urug
 12852 | D:12     | Reached skill level 5 in Dodging
 13358 | D:12     | Noticed a two-headed ogre
 13361 | D:12     | Reached skill level 17 in Stealth
 13363 | D:12     | Noticed a seven-headed hydra
 13398 | D:12     | Killed a two-headed ogre
 13406 | D:12     | Killed a seven-headed hydra
 13570 | D:12     | You fall into a shaft and drop 2 floors!
 14577 | D:13     | Found a gate to the Vaults.
 14577 | D:13     | Noticed a vault guard
 14577 | D:13     | Noticed a centaur warrior
 14578 | D:13     | Killed a centaur warrior
 14579 | D:13     | Reached skill level 5 in Short Blades
 14588 | D:13     | Killed a vault guard
 14628 | D:13     | Identified the +1 robe "Yrygaxi" {Fly rC+ Str+3}
 15141 | D:14     | Found Wuihul's Antique Armour Emporium.
 15190 | D:14     | Noticed Louise
 15192 | D:14     | Killed Louise
 15255 | D:14     | Noticed a death knight
 15304 | D:14     | Killed a death knight
 15305 | D:14     | Reached XP level 13. HP: 23/61 MP: 20/32
 15498 | D:14     | Found a runed translucent gate.
 15498 | D:14     | Found a runed translucent gate.
 15498 | D:14     | Found a runed translucent gate.
 15507 | D:14     | Noticed Mitamach's ghost (journeyman DsAK)
 15509 | D:14     | Noticed Boig's ghost (journeyman GrFi)
 15511 | D:14     | Noticed Viudih's ghost (journeyman NaDe)
 15511 | D:14     | Noticed Ekhlusag's ghost (journeyman MfGl)
 16081 | Lair:1   | Entered Level 1 of the Lair of Beasts
 16126 | Lair:1   | Reached skill level 18 in Stealth
 16727 | Lair:2   | Reached ***** piety under Dithmenos
 17277 | Lair:2   | Identified a scroll of acquirement
 17277 | Lair:2   | Acquired a +5 quick blade
 17290 | Lair:2   | Found a shimmering altar of Xom.
 17668 | Lair:2   | Reached skill level 15 in Hexes
 17712 | Lair:2   | Reached skill level 5 in Fighting
 18001 | Lair:3   | Found a dark tunnel.
 18080 | Volcano  | Entered a volcano
 18181 | Volcano  | Found a bloodstained altar of Trog.
 18225 | Volcano  | Noticed a red draconian
 18228 | Volcano  | Killed a red draconian
 18245 | Volcano  | Reached skill level 15 in Spellcasting
 18839 | Lair:3   | Found a staircase to the Snake Pit.
 19098 | Lair:3   | Found a staircase to the Shoals.
 19455 | Lair:4   | Reached XP level 14. HP: 69/69 MP: 30/34
 19567 | Lair:4   | Reached skill level 19 in Stealth
 21335 | D:2      | Bought a scroll of acquirement for 728 gold pieces
 21336 | D:2      | Acquired 979 gold pieces
 21341 | D:2      | Bought 3 scrolls of magic mapping for 147 gold pieces
 21482 | D:6      | Bought a potion of magic for 104 gold pieces
 21482 | D:6      | Bought a potion of heal wounds for 65 gold pieces
 21482 | D:6      | Bought a potion of invisibility for 104 gold pieces
 21482 | D:6      | Bought a potion of might for 52 gold pieces
 21482 | D:6      | Bought a potion of might for 52 gold pieces
 21482 | D:6      | Bought a potion of might for 52 gold pieces
 21482 | D:6      | Bought a potion of brilliance for 52 gold pieces
 21672 | Lair:5   | Noticed Josephine
 21699 | Lair:5   | Killed Josephine
 21714 | Lair:5   | Reached skill level 10 in Dodging
 22659 | Lair:6   | Entered Level 6 of the Lair of Beasts
 23162 | Lair:6   | Reached ****** piety under Dithmenos
 24066 | Lair:6   | Reached skill level 20 in Stealth
 24354 | Lair:6   | Reached XP level 15. HP: 70/75 MP: 33/36
 24475 | Lair:6   | Found a staircase to the Slime Pits.
 24477 | Lair:6   | Found a viscous altar of Jiyva.
 24866 | Lair:6   | Found a corrupted altar of Lugonu.
 24866 | Lair:6   | Found a one-way gate to the infinite horrors of the Abyss.
 25232 | Orc:1    | Entered Level 1 of the Orcish Mines
 25433 | Orc:1    | Found a runed translucent door.
 25918 | Orc:2    | Entered Level 2 of the Orcish Mines
 26019 | Orc:2    | Found a staircase to the Elven Halls.
 26086 | Orc:2    | Found Puczih's Antique Weapon Boutique.
 26475 | Orc:2    | Found Puixuiw's General Store.
 26495 | Orc:2    | Bought a potion of invisibility for 104 gold pieces
 26495 | Orc:2    | Bought a potion of curing for 39 gold pieces
 26495 | Orc:2    | Bought a potion of might for 52 gold pieces
 26733 | Orc:2    | Found Taidgh's Jewellery Boutique.
 26972 | Orc:2    | Found Custrouko's Antique Armour Boutique.
 26996 | Orc:2    | Bought a runed cloak for 255 gold pieces
 27004 | Orc:2    | Noticed an orc warlord
 27022 | Orc:2    | Killed an orc warlord
 27537 | D:15     | Entered Level 15 of the Dungeon
 27725 | D:15     | Reached skill level 10 in Short Blades
 28144 | D:15     | Found a staircase to the Depths.
 28527 | D:15     | Upgraded the game from 0.29-a0-553-g81b289dbe5 to
                  | 0.29-a0-555-g3b24f45cc1
 28715 | Snake:1  | Entered Level 1 of the Snake Pit
 28760 | Snake:1  | Noticed Nikola
 28786 | Snake:1  | Killed from afar by Nikola

Illustrated notes

Levels and vault maps discovered:
D:1:      lemuel_arrival_funnel, layout_basic, serial_forest,
          infiniplex_forest_zigzag_1, infiniplex_forest_corner_2,
          infiniplex_forest_straight_5, infiniplex_forest_end_3,
          infiniplex_forest_end_1, infiniplex_forest_zigzag_1,
          infiniplex_forest_clump_small, basic_ecumenical_altar,
          serial_bayou_lagoon_b
D:2:      layout_basic, serial_shops, nicolae_lakefront_shop, st_stairs_11,
          hangedman_decor_diamond_cutter, uniq_jessica
D:3:      layout_basic, nicolae_vehumet_altar_sigil, uniq_robin
D:4:      layout_cave_pods, ebering_ghost_disaster_area
D:5:      layout_loops_ring, minmay_temple_entry_junction, uniq_menkaure
D:6:      minmay_cornered_nines, layout_loops_ring, serial_shops,
          kennysheep_little_box, grunt_decor_fettered, dk_noncrumbling_2,
          minivault_22, uniq_duvessa
D:7:      cheibrodos_fzero, layout_rooms, corexii_hall_statues_i,
          serial_park_tiny_1, uniq_prince_ribbit1
D:8:      layout_gridville
D:9:      layout_stronghold, orc_david_3
D:10:     layout_roguey, david_lair_shrubbed
D:11:     layout_stronghold
D:12:     minmay_thinvault, layout_loops_cross, uniq_nessos, uniq_maurice,
          uniq_gastronok, uniq_fannar, uniq_urug
D:13:     layout_stronghold, david_vaults_5
D:14:     layout_irregular_city, gammafunk_ghost_cemetery, serial_shops, shop,
          uniq_louise
D:15:     gammafunk_enter_depths_forms, layout_cave_pools, grunt_decor_clamped
Temple:   mainiacjoe_temple_starburst
Lair:1:   layout_cave_shapes, minivault_19
Lair:2:   cheibrodos_lair_overgrown_chateau, layout_regular_city, basic_altar,
          lemuel_fruit_fields, infiniplex_staircase_pool_2, lemuel_fruit_fields,
          lemuel_fruit_tree
Lair:3:   layout_small_grid, elwin_shoals_entry_rooms,
          minmay_snake_entry_guardpost_small, enter_volcano_1
Lair:4:   layout_gridlike
Lair:5:   layout_regular_city, amcnicky_mini_pool_medium, serial_bayou_shore_a,
          uniq_josephine, uniq_rupert
Lair:6:   hellmonk_lair_end_abyssal_woods, layout_regular_city, slime_altar_1,
          hibernation_bobbens, grunt_megastairs_4
Snake:1:  layout_basic, portal_ice_cave_entry_frozen_things, ebering_ghost_xom,
          uniq_kirke, uniq_nikola, uniq_asterion
Orc:1:    layout_caves, lightli_church_of_beogh
Orc:2:    grunt_orc_gardens, layout_caves, grunt_orc_garden, grunt_orc_garden,
          grunt_orc_garden, grunt_orc_garden, basic_altar

Skill      XL: |  1  2  3  4  5  6  7  8  9 10 11 12 13 14 15 |
---------------+----------------------------------------------+-----
Spellcasting   | 3 4 5 6 7 8 10 12 13 14 15 16 | 16.7
Hexes          | 4 5 6 7 9 10 12 13 14 15 16 | 16.9
Stealth        | 5 6 8 10 12 14 16 17 18 20 | 20.9
Fighting       | 2 4 5 7 |  7.8
Short Blades   | 3 5 7 9 10 | 10.3
Dodging        | 4 7 9 11 12 | 12.4

Action                   |  1- 3 |  4- 6 |  7- 9 | 10-12 | 13-15 || total
-------------------------+-------+-------+-------+-------+-------++-------
Melee: Dagger            |   151 |   143 |   306 |   352 |  1127 ||  2079
       Punch             |     1 |     1 |     4 |     4 |    20 ||    30
       Quick blade       |       |       |       |       |    11 ||    11
 Cast: Ensorcelled Hiber |     2 |     9 |    45 |    91 |   165 ||   312
       Confusing Touch   |       |     3 |     8 |    21 |    17 ||    49
       Tukima's Dance    |       |     1 |    12 |    22 |    24 ||    59
       Dazzling Flash    |       |       |       |       |     9 ||     9
Invok: Shadow Step       |       |       |       |     2 |     4 ||     6
Evoke: Wand              |       |       |       |     9 |    11 ||    20
       Tin of tremorston |       |       |       |       |     3 ||     3
  Use: Scroll            |     3 |     6 |     4 |    22 |    16 ||    51
       Potion            |       |       |     1 |     5 |     9 ||    15
 Stab: Sleeping          |     9 |    15 |    38 |   100 |   159 ||   321
       Confused          |       |     5 |     7 |    20 |    17 ||    49
       Distracted        |       |     1 |     2 |     1 |    11 ||    15
       Invisible         |       |       |       |       |    12 ||    12
Armor: Robe              |    13 |    32 |    50 |     3 |       ||    98
       Steam dragon scal |       |       |       |    87 |   167 ||   254
Dodge: Dodged            |    82 |    88 |   210 |   361 |  1039 ||  1780
Block: Other             |       |       |       |    72 |   218 ||   290
       Reflection        |       |       |       |     2 |     2 ||     4

Table legend: (Time is in decaauts)
 A = Elapsed time spent in this place.
 B = Non-inter-level travel time spent in this place.
 C = Inter-level travel time spent in this place.
 D = Time resting spent in this place.
 E = Time spent auto-exploring this place.
 F = Levels seen in this place.
 G = Mean time per level.
                   A        B        C        D        E       F      G
               +--------+--------+--------+--------+--------+-----+--------+
         Total |  21264 |  19925 |   1339 |   2691 |  12704 |  26 |  817.8 |
       Dungeon |  13021 |  12040 |    981 |   1322 |   8082 |  15 |  868.1 |
        Temple |    238 |    206 |     32 |      0 |    197 |   1 |  238.0 |
          Lair |   6227 |   5978 |    249 |   1117 |   3477 |   6 | 1037.8 |
     Snake Pit |     42 |     42 |      0 |      3 |     21 |   1 |   42.0 |
  Orcish Mines |   1547 |   1471 |     76 |    196 |    919 |   2 |  773.5 |
       Volcano |    186 |    186 |      0 |     52 |      6 |   1 |  186.0 |
               +--------+--------+--------+--------+--------+-----+--------+

Top non-repeatable levels by time:
  Lair:6: 1590 daAuts
    D:12: 1389 daAuts
     D:4: 1254 daAuts
     D:6: 1249 daAuts
  Lair:4: 1223 daAuts
  Lair:2: 1158 daAuts
    D:10: 1127 daAuts
  Lair:5: 1066 daAuts
     D:9: 979 daAuts
   Orc:2: 963 daAuts
     D:8: 904 daAuts
  Lair:3: 873 daAuts
    D:13: 791 daAuts
     D:1: 790 daAuts
    D:14: 744 daAuts
